Map: Blueshift LE

Players

Subwaymaker

  • Race: Protoss Protoss
  • League: Silver
  • Spawn Location: 1:00

Mesrob - Winner!

  • Race: Terran Terran
  • Spawn Location: 7:00

VOD

Have the link to the VOD?

Description

Time

  • Played on: Jan. 8, 2019, 9:30 a.m.
  • Length: 8:51
Show
View Real Time Build Order
Export as new Build Order

Subwaymaker Protoss 

Build Orders:  

Get SALT Encoding   

  12  0:04  Probe  
  13  0:17  Probe  
  14  0:24  Pylon  
  14  0:29  Assimilator, Probe  
  15  0:47  Gateway  
  15  0:48  Probe  
  15  0:56  Probe  
  17  1:05  Probe  
  18  1:14  Probe  
  19  1:22  Probe  
  19  1:23  Pylon  
  19  1:32  Probe  
  21  1:44  Probe  
  22  1:49  Pylon  
  22  1:53  Cybernetics Core  
  22  2:00  Zealot  
  24  2:22  Forge  
  24  2:24  Nexus  
  24  2:26  Assimilator  
  24  2:29  Pylon  
  24  2:37  Probe  
  24  2:42  Pylon  
  25  2:50  Warp Gate, Probe  
  26  3:02  Probe  
  26  3:04  Stalker  
  29  3:27  Pylon  
  29  3:29  Photon Cannon  
  29  3:31  Photon Cannon  
  29  3:33  Shield Battery  
  29  3:42  Sentry  
  29  3:46  Photon Cannon  
  31  3:55  Pylon  
  31  3:57  Pylon  
  31  4:01  Probe, Robotics Facility  
  31  4:04  Probe  
  33  4:17  Probe  
  34  4:23  Assimilator  
  34  4:29  Pylon  
  34  4:35  Gateway  
  34  4:40  Stalker  
  36  4:49  Immortal  
  36  5:11  Stalker  
  36  5:22  Pylon  
  35  5:32  Probe x2  
  35  5:35  Zealot  
  39  5:43  Immortal  
  39  5:44  Probe x2  
  45  5:56  Probe  
  46  6:00  Gateway  
  46  6:02  Gateway  
  46  6:03  Gateway  
  36  6:12  Zealot  
  36  6:34  Zealot  
  33  6:54  Observer  
  33  7:00  Sentry x2  
  37  7:03  Stalker  
  37  7:05  Stalker  
  41  7:15  Immortal  
  45  7:21  Pylon  
  45  7:25  Robotics Facility  
  45  7:51  Adept  
  47  7:52  Adept x2  
  47  7:53  Adept  
  47  7:54  Warp Prism  
  55  8:12  Pylon  
  55  8:14  Pylon  
  59  8:22  Zealot  
  59  8:23  Adept  
Show
View Real Time Build Order
Export as new Build Order

Mesrob Terran - Winner!

Build Orders:  

Get SALT Encoding   

  12  0:00  SCV  
  13  0:13  SCV  
  14  0:17  Supply Depot  
  14  0:25  SCV  
  15  0:32  Refinery  
  15  0:41  Barracks  
  15  0:45  SCV  
  16  0:57  SCV  
  17  1:15  Supply Depot  
  17  1:16  SCV  
  18  1:22  Refinery  
  18  1:28  SCV  
  18  1:32  Barracks Tech Lab  
  19  1:42  Engineering Bay  
  19  1:47  Factory  
  19  1:51  Marine  
  20  1:56  Orbital Command  
  20  2:19  Barracks Reactor  
  20  2:21  SCV  
  21  2:35  Barracks  
  21  2:37  Siege Tank  
  21  2:41  SCV  
  25  2:49  Terran Infantry Weapons Level 1  
  25  2:55  Marine x2  
  27  3:06  SCV  
  28  3:22  Marine x2  
  30  3:29  Command Center  
  30  3:32  Marine  
  31  3:38  Supply Depot  
  31  3:59  Marine, Siege Tank  
  35  4:04  Supply Depot  
  34  4:30  Marine x3  
  37  4:31  Siege Tank  
  40  4:44  Terran Infantry Armor Level 1  
  40  4:48  Marine x2  
  42  5:04  Siege Tank  
  44  5:16  Orbital Command  
  44  5:20  Refinery  
  44  5:21  Marine x3  
  44  5:27  Barracks  
  47  5:31  Armory  
  47  5:35  SCV  
  48  5:45  Refinery  
  48  5:47  SCV  
  46  6:46  Marine x3  
  49  6:48  Siege Tank  
  52  7:03  Marine  
  52  7:04  Marine x2  
  55  7:20  Siege Tank  
  55  7:21  Marine  
  55  7:22  Marine x2  
  61  7:29  SCV  
  62  7:40  Marine  
  62  7:44  SCV  
  61  7:57  Starport, Barracks Tech Lab  
  61  8:05  Marine  
  61  8:11  Supply Depot  
  61  8:35  Supply Depot  
Tags
 
League
Silver
Matchup
PvT
Replay Pack
sc2 replays
Spawn Locations
Cross Positions
Add a new tag
Caveats
  • Supply blocks, unpowered buildings, or Contaminate may cause inaccurate times.
  • Supply counts are checked every 10 seconds.